 Dungeon Crawl Stone Soup version 0.29-a0-207-gf982a884d8 (webtiles) character file.

Game seed: 13227848103571806894

175 freelancePsychic the Chiller (level 5, -3/39 HPs)
             Began as a Demonspawn Ice Elementalist on Feb 24, 2022.
             Succumbed to a kobold brigand's poison
             ... in a sewer.
             The game lasted 00:08:41 (3193 turns).

freelancePsychic the Chiller (DsIE)                 Turns: 3193, Time: 00:08:41

Health: -3/39      AC:  2    Str:  8    XL:     5   Next: 29%
Magic:  0/9        EV: 12    Int: 19    God:
Gold:   143        SH:  0    Dex: 13    Spells: 6/10 levels left

rFire   . . .      SeeInvis .   c - +0 dagger (elec)
rCold   . . .      Faith    .   (no shield)
rNeg    . . .      Spirit   .   a - +0 robe
rPois   .          Reflect  .   (no helmet)
rElec   .          Harm     .   (no cloak)
rCorr   .          Rampage  .   (no gloves)
Will    .....                   (no boots)
Stlth   ++........              (no amulet)
HPRegen 1.13/turn               (no ring)
MPRegen 0.11/turn               (no ring)

@: lethally poisoned (-3 -> -17), freezing walls
A: claws 1, powered by death 1
a: no special abilities


You were in a sewer.
You visited 1 branch of the dungeon, and saw 4 of its levels.
You also visited: Sewer.

You collected 143 gold pieces.

Inventory:

Hand Weapons
 c - a +0 dagger of electrocution (weapon)
Armour
 a - a +0 robe (worn)
 h - a +0 kite shield
Scrolls
 d - 4 scrolls of immolation
 e - a scroll of brand weapon
 f - a scroll of identify {@r1}
 g - a scroll of noise
Potions
 b - 2 potions of attraction


   Skills:
 + Level 2.3 Fighting
 - Level 1.7 Dodging
 - Level 1.7 Stealth
 + Level 3.0 Spellcasting
 * Level 5.0 Ice Magic


You had 6 spell levels left.
You knew the following spells:

 Your Spells              Type           Power      Damage    Failure   Level
a - Freeze                Ice            84%        1d10      1%          1
b - Frozen Ramparts       Ice            42%        1d6       6%          3

Your spell library contained the following spells:

 Spells                   Type           Power      Damage    Failure   Level
 Ozocubu's Armour         Ice            21%        N/A       6%          3
 Hailstorm                Conj/Ice       12%        3d5       47%         4


Dungeon Overview and Level Annotations

Branches:
Dungeon (4/15)              Sewer (1/1)
 Temple: D:4-7

Altars:
Cheibriados

Annotations:
D:2 Sigmund Sewer exclusion: kobold brigand


Innate Abilities, Weirdness & Mutations

You have sharp fingernails.
You regenerate a little health from kills.


Message History

You freeze the kobold brigand.
The kobold brigand is moderately wounded.
The kobold brigand hits you with a +0 dagger of venom.
You are poisoned.
Casting: Freeze (safe; 2% risk of failure)
Confirm with . or Enter, or press ? or * to list all spells.
Aiming: Freeze (safe; 2% risk of failure)
Press: ? - help, Shift-Dir - straight line, f/p - kobold brigand
Aim: a kobold brigand, wielding a +0 dagger of venom and quivering poisoned darts (moderately wounded)
You freeze the kobold brigand!
The kobold brigand is severely wounded.
You feel sick.
The kobold brigand hits you with a +0 dagger of venom.
You are lethally poisoned!
Casting: Freeze (safe; 2% risk of failure)
Confirm with . or Enter, or press ? or * to list all spells.
Aiming: Freeze (safe; 2% risk of failure)
Press: ? - help, Shift-Dir - straight line, f/p - kobold brigand
Aim: a kobold brigand, wielding a +0 dagger of venom and quivering poisoned darts (severely wounded)
You freeze the kobold brigand.
The kobold brigand is severely wounded.
You feel very sick.
The kobold brigand hits you with a +0 dagger of venom.
* * * LOW HITPOINT WARNING * * *
You are more poisoned.
Okay, then.
Casting: Freeze (safe; 2% risk of failure)
Confirm with . or Enter, or press ? or * to list all spells.
You don't have enough magic to cast this spell.
Unknown command.
You hit the kobold brigand.
Lightning courses through the kobold brigand!
You kill the kobold brigand!
* * * LOW HITPOINT WARNING * * *
You feel extremely sick.
Your Spellcasting skill increases to level 3!
Your Ice Magic skill increases to level 5!
You have reached level 5!
Okay, then.
You die...

...#≈#
##≈≈≈≈≈.
##.≈≈.≈.#
#.....≈ #.≈≈≈.
#...######
#P.P≈≈≈≈≈K
#..P#######
#....@...P###
#...)∩∩.....##
##≈≈....#≈#P.#
#≈≈≈≈≈.#≈#PP#
##≈≈≈≈≈#≈#≈≈#
#≈≈≈≈≈#≈#≈≈#
###≈≈≈#≈#≈≈#
##≈####### ###


There were no monsters in sight!

Vanquished Creatures
  A kobold brigand (Sewer)
  3 adders
  A worm (D:3)
  3 dart slugs
  3 orcs
  8 ball pythons
  6 bats
  8 endoplasms
  7 goblins
  6 hobgoblins
  A jackal (D:3)
  5 quokkas
  2 frilled lizards
  7 kobolds
  5 rats
66 creatures vanquished.

Vanquished Creatures (others)
  10 plants
10 creatures vanquished.

Grand Total: 76 creatures vanquished

Notes
Turn   | Place    | Note
-------+----------+-------------------------------------------
     0 | D:1      | freelancePsychic the Demonspawn Ice Elementalist began the
                  | quest for the Orb.
     0 | D:1      | Reached XP level 1. HP: 13/13 MP: 3/3
   382 | D:1      | Gained mutation: You regenerate a little health from kills.
                  | [demonic ancestry]
   382 | D:1      | Reached XP level 2. HP: 20/20 MP: 3/5
   472 | D:1      | Reached skill level 4 in Ice Magic
   604 | D:1      | Reached skill level 1 in Fighting
   948 | D:2      | Reached XP level 3. HP: 26/26 MP: 6/6
   967 | D:2      | Learned a level 3 spell: Frozen Ramparts
  1112 | D:2      | Found a snail-covered altar of Cheibriados.
  1443 | D:2      | Found a faded altar of an unknown god.
  1443 | D:2      | Noticed Sigmund
  2152 | D:3      | Gained mutation: You have sharp fingernails. [demonic
                  | ancestry]
  2152 | D:3      | Reached XP level 4. HP: 31/32 MP: 7/7
  2976 | D:4      | Found a glowing drain.
  3087 | Sewer    | Entered a sewer
  3147 | Sewer    | Noticed a kobold brigand
  3192 | Sewer    | Killed a kobold brigand
  3192 | Sewer    | HP: 1/33 [poisoned by a kobold brigand]
  3193 | Sewer    | Reached skill level 5 in Ice Magic
  3193 | Sewer    | Reached XP level 5. HP: 1/39 MP: 0/9
  3193 | Sewer    | Succumbed to a kobold brigand's poison

Illustrated notes

Levels and vault maps discovered:
D:1:      minmay_arrival_nine_rooms, layout_rooms
D:2:      layout_rooms, ebering_ecumenical_altar_sacrificial, basic_altar,
          chequers_big_river, uniq_sigmund
D:3:      layout_basic, serial_bayou_pond_b, kennysheep_generic_room_3
D:4:      layout_basic, serial_shops, nicolae_shop_advertising_works
          [nicolae_subvault_shop_adworks], cheibrodos_sewer_entry_drain,
          uniq_natasha
Sewer:    sewer_co_scattered_pipes

Skill      XL: |  1  2  3  4 |
---------------+-------------+-----
Ice Magic      | 4 5 |  5.0
Fighting       | 1 2 |  2.3
Spellcasting   | 3 |  3.0
Dodging        | |  1.7
Stealth        | |  1.7

Action                   |  1- 3 |  4- 6 || total
-------------------------+-------+-------++-------
Melee: Spear             |     2 |       ||     2
       Dagger            |    85 |    35 ||   120
       Punch             |     1 |       ||     1
 Cast: Freeze            |    31 |    12 ||    43
       Frozen Ramparts   |     2 |     7 ||     9
  Use: Scroll            |     3 |     3 ||     6
 Stab: Sleeping          |     3 |       ||     3
Armor: Robe              |    37 |    20 ||    57
Dodge: Dodged            |    78 |    42 ||   120

Table legend: (Time is in decaauts)
 A = Elapsed time spent in this place.
 B = Non-inter-level travel time spent in this place.
 C = Inter-level travel time spent in this place.
 D = Time resting spent in this place.
 E = Time spent auto-exploring this place.
 F = Levels seen in this place.
 G = Mean time per level.
                   A        B        C        D        E       F      G
               +--------+--------+--------+--------+--------+-----+--------+
         Total |   3204 |   3131 |     73 |    334 |   2091 |   5 |  640.8 |
       Dungeon |   3099 |   3026 |     73 |    334 |   2019 |   4 |  774.8 |
         Sewer |    105 |    105 |      0 |      0 |     72 |   1 |  105.0 |
               +--------+--------+--------+--------+--------+-----+--------+

Top non-repeatable levels by time:
     D:1: 1082 daAuts
     D:3: 1056 daAuts
     D:2: 913 daAuts
   Sewer: 105 daAuts
     D:4: 47 daAuts
